 Dungeon Crawl Stone Soup version 0.13.2 (webtiles) character file.

217 sanboga the Skirmisher (level 4, -1/40 HPs)
             Began as a Minotaur Fighter on Feb 15, 2017.
             Slain by a wight
             ... wielding a +0,+0 battleaxe
              (12 damage)
             ... on Level 3 of the Dungeon.
             The game lasted 00:05:25 (1328 turns).

sanboga the Skirmisher (Minotaur Fighter)           Turns: 1328, Time: 00:05:26

HP  -1/40        AC  9     Str 20      XL: 4   Next: 45%
MP   1/1         EV  5     Int  5      God:
Gold 118         SH 19     Dex 11      Spells:  0 memorised,  3 levels left

Res.Fire  : . . .   See Invis. : .   w - -2,+0 orc mace (curse)
Res.Cold  : . . .   Warding    : .   r - +0 chain mail
Life Prot.: . . .   Conserve   : .   c - +0 shield
Res.Poison: .       Res.Corr.  : .   (helmet restricted)
Res.Elec. : .       Clarity    : .   (no cloak)
Sust.Abil.: . .     Spirit.Shd : .   (no gloves)
Res.Mut.  : .       Stasis     : .   (no boots)
Res.Rott. : .       Flight     : .   (no amulet)
Saprovore : . . .                    (no ring)
                                     (no ring)

@: slightly resistant to hostile enchantments, extremely unstealthy
A: retaliatory headbutt, horns 2
a: no special abilities


You were on level 3 of the Dungeon.
You were near starving.

You visited 1 branch of the dungeon, and saw 3 of its levels.

You collected 98 gold pieces.

Inventory:

Hand weapons
 a - a +0,+0 hand axe (quivered) {=f}
 t - a +2,+0 hand axe
 w - a cursed -2,+0 orcish mace (weapon)
Armour
 c - a +0 shield (worn)
 r - a +0 chain mail (worn)
Comestibles
 d - 2 bread rations
Scrolls
 f - 3 scrolls of remove curse {unknown}
 g - a scroll of amnesia {unknown}
 k - a scroll of recharging {unknown}
 m - a scroll of identify {unknown}
 n - 2 scrolls of fog {unknown}
 o - a scroll of curse jewellery {unknown}
 p - 2 scrolls of curse weapon {unknown}
Jewellery
 h - an uncursed ring of regeneration {unknown}
 j - a cursed ring of hunger {unknown}
 v - an uncursed ring of see invisible {unknown}
Potions
 b - 2 potions of beneficial mutation {unknown}
 i - a potion of might {unknown}
 l - a potion of agility {unknown}
 q - 3 potions of curing {unknown}
 s - a potion of invisibility {unknown}
 u - a potion of brilliance {unknown}


   Skills:
 + Level 4.7 Fighting
 + Level 3.0 Axes
 + Level 4.2 Armour
 + Level 1.2 Dodging
 + Level 0.1 Stealth
 + Level 4.3 Shields


You had 3 spell levels left.
You didn't know any spells.

Dungeon Overview and Level Annotations

Branches:
Dungeon (3/27)

Altars:

Portals:
Ziggurat: D:3 (7720 gp)


Innate Abilities, Weirdness & Mutations

You reflexively headbutt those who attack you in melee.
You have a pair of horns on your head.


Message History

The wight hits you but does no damage. You block the hobgoblin's attack.
You see here an adder corpse.
You hit the orc but do no damage. Your headbutt misses the orc.
You block the hobgoblin's attack. The wight hits you with a battleaxe.
The hobgoblin hits you but does no damage.
You block its attack.
Your shield and chain mail prevent you from hitting the orc.
You block the orc's attack.
The hobgoblin hits you with an orcish club.
The hobgoblin barely misses you. The wight hits you with a battleaxe.
It hits you but does no damage. You block the hobgoblin's attack.
The orc hits you but does no damage. The hobgoblin barely misses you.
It hits you.
Your shield and chain mail prevent you from hitting the orc.
The wight hits you with a battleaxe.
* * * LOW HITPOINT WARNING * * *
The hobgoblin hits you but does no damage.
The hobgoblin completely misses you. It hits you but does no damage.
The orc hits you but does no damage. The wight hits you with a battleaxe!
You die...

... ∩.).
....#####
...(.....#
........######
...........
#..#g#.#.#.#.
#.gg@o.......
#..#z......##
#...........
#######
#..#..>....#
......$..
#...........
..........
#..#.......
..........#
#.........
..........#
#..#.#.#.
.......?..#
#..#..


You could see a wight, an orc and 3 hobgoblins.

Vanquished Creatures
  4 adders
  2 oozes
  An orc (D:3)
  3 bats
  3 giant cockroaches
  4 goblins
  7 hobgoblins
  12 jackals
  A quokka (D:2)
  A ball python (D:1)
  2 giant geckos
  3 giant newts (D:2)
  4 kobolds (D:2)
  12 rats
59 creatures vanquished.

Notes
Turn   | Place    | Note
--------------------------------------------------------------
     0 | D:1      | sanboga, the Minotaur Fighter, began the quest for the Orb.
     0 | D:1      | Reached XP level 1. HP: 19/19 MP: 0/0
    78 | D:1      | Reached XP level 2. HP: 15/26 MP: 0/0
   114 | D:1      | Reached skill level 4 in Armour
   724 | D:2      | Reached XP level 3. HP: 33/33 MP: 1/1
   967 | D:2      | Reached XP level 4. HP: 37/40 MP: 1/1
  1300 | D:3      | Reached skill level 1 in Dodging
  1317 | D:3      | Found a gateway to a ziggurat.
  1328 | D:3      | Slain by a wight

Action                   |  1- 3 |  4- 6 || total
-------------------------+-------+-------++-------
Melee: Hand axe          |    88 |    39 ||   127
       Mace              |       |     8 ||     8
  Use: Scroll            |       |     1 ||     1
